Description

Drop with 2 mines ..

Replay - Snute v SpeCIaL: Game 2 - Abyssal Reef LE

Build Order

Get SALT Encoding   

  12  0:00  SCV  
  13  0:12  SCV  
  14  0:17  Supply Depot  
  14  0:25  SCV  
  15  0:29  Refinery  
  15  0:39  SCV  
  16  0:44  Barracks  
  16  0:51  SCV  
  17  1:03  SCV  
  18  1:15  SCV  
  19  1:31  Orbital Command  
  19  1:32  Reaper  
  20  1:42  Command Center  
  20  1:54  Factory  
  20  1:57  SCV  
  21  2:08  Barracks Reactor  
  21  2:09  SCV  
  21  2:12  Supply Depot  
  21  2:15  Refinery  
  22  2:22  SCV  
  24  2:42  Starport  
  25  2:52  Hellion x2  
  25  2:53  Marine  
  31  3:12  Orbital Command  
  32  3:13  Barracks Tech Lab  
  32  3:15  Widow Mine x2  
  32  3:19  Medivac  
  39  3:28  Supply Depot  
  41  3:46  Hellion x2  
  47  3:58  Supply Depot  
  47  3:59  Raven  
  51  4:15  Barracks Tech Lab  
  53  4:17  Command Center  
  55  4:34  Marine  
  56  4:39  Stimpack  
  56  4:40  Supply Depot  
  56  4:41  Barracks  
  57  4:49  Factory Reactor  
  57  4:52  Marine  
  56  4:53  Barracks  
  56  4:59  Starport Reactor  
  58  5:08  Engineering Bay x2  
  58  5:10  Marine  
  59  5:16  Refinery x2  
  61  5:27  Marine x3  
  61  5:33  Orbital Command  
  61  5:35  Terran Infantry Weapons Level 1, Terran Infantry Armor Level 1  
  56  5:42  Barracks x2  
  59  5:44  Medivac x2  
  59  5:45  Marine x3  
  65  5:59  Siege Tank, Orbital Command  
  89  6:32  Siege Tank  
  89  6:34  Barracks Reactor x2  
  89  6:37  Refinery  
  89  6:39  Combat Shields  
  92  6:41  Armory  
  92  6:43  Refinery  
  98  7:02  Medivac  
  101  7:16  Factory  
  101  7:18  Siege Tank  
  109  7:32  Marauder, Medivac  
  124  7:45  Command Center  
  125  8:01  Factory Tech Lab  
  125  8:09  Marauder, Medivac  
  133  8:14  Siege Tank  
  138  8:20  Terran Infantry Weapons Level 2, Terran Infantry Armor Level 2  
  138  8:24  Terran Vehicle Weapons Level 1  
  137  8:33  Siege Tank  
  145  8:40  Medivac  
  148  8:47  Siege Tank  
  156  8:56  Barracks x2  
  159  9:05  Siege Tank  
  159  9:09  Planetary Fortress  
  165  9:15  Liberator x2, Marauder  
  175  9:30  Siege Tank  
  185  9:43  Marauder  
  159  9:56  Siege Tank  
  159  9:57  Liberator  
Spawning Tool Build Advisor. Get it on Overwolf

Go to:

Details

  • Created by: Morwidsc_2
  • Published on: Sep 20, 2017
  • Modified on: Sep 20, 2017
  • Patch: 3.8.0
Show
View Real Time Build Order
Export as new Build Order

Comments (0)

There are no comments. Be the first!

Create an account to comment!